 Dungeon Crawl Stone Soup version 0.29.1-15-g9cfb28693d (webtiles) character file.

Game seed: 2628672202515742255

892 javelincjr the Magician (level 8, -2/58 HPs)
             Began as a Djinni Conjurer on Feb 22, 2023.
             Was an Initiate of Makhleb.
             Slain by an ice beast (19 damage)
             ... on level 5 of the Dungeon.
             The game lasted 00:28:03 (5198 turns).

javelincjr the Magician (Djinni Conjurer)           Turns: 5198, Time: 00:28:04

Health: -2/58      AC:  4    Str: 14    XL:     8   Next: 27%
Gold:   276        EV: 12    Int: 21    God:    Makhleb [......] SH:  0 Dex: 11

rFire   + + .      SeeInvis .   v - +1 dagger (venom)
rCold   x . .      Faith    .   (no shield)
rNeg    . . .      Spirit   .   w - +0 troll leather armour {Pargi}
rPois   ∞          Reflect  .   (no helmet)
rElec   .          Harm     .   (no cloak)
rCorr   .          Rampage  .   (no gloves)
Will    .....                   (boots unavailable)
Stlth   ++........              (no amulet)
HPRegen 0.99/turn               m - +6 ring of strength
MPRegen 0.00/turn               (no ring)

@: flying, very slightly contaminated
A: sickness immunity, fire resistance 2, cold vulnerability 1, float, innate
caster, HP casting, extra vitality 1
a: Renounce Religion


You were on level 5 of the Dungeon.
You worshipped Makhleb.
Makhleb was noncommittal.
You visited 2 branches of the dungeon, and saw 6 of its levels.
You also visited: Sewer.

You collected 276 gold pieces.

Inventory:

Hand Weapons
 g - a +0 dagger
 u - a +0 vorpal spear
 v - a +1 dagger of venom (weapon)
Missiles
 e - 2 javelins
Armour
 a - a +0 robe
 w - a +0 troll leather armour (worn) {Pargi}
Jewellery
 d - a ring of protection from fire
 m - a +6 ring of strength (left hand)
Wands
 o - a wand of roots (8)
Scrolls
 b - a scroll of brand weapon
 f - 2 scrolls of teleportation
 i - 3 scrolls of blinking
 j - 3 scrolls of fear
 k - a scroll of vulnerability {unknown}
 n - a scroll of poison {unknown}
 q - 2 scrolls of butterflies {unknown}
 r - a scroll of torment {unknown}
 t - a scroll of amnesia {unknown}
 y - a scroll of enchant weapon {unknown}
 D - a scroll of identify
Potions
 c - a potion of magic {unknown}
 h - 2 potions of resistance {unknown}
 l - a potion of might {unknown}
 p - 3 potions of curing
 s - a potion of ambrosia {unknown}
 x - a potion of haste {unknown}
 z - 2 potions of heal wounds {unknown}
 A - a potion of invisibility {unknown}
 B - a potion of cancellation {unknown}
 C - a potion of mutation {unknown}


   Skills:
 * Level 4.0 Fighting
 - Level 1.5 Short Blades
 - Level 0.2 Polearms
 + Level 2.2 Armour
 + Level 4.2 Dodging
 + Level 3.4 Stealth
 * Level 4.7 Spellcasting
 + Level 1.2 Invocations
 + Level 1.1 Evocations


You couldn't memorise any spells.
You knew the following spells:

 Your Spells              Type           Power      Damage    Failure   Level
a - Magic Dart            Conj           96%        1d7       1%          1
b - Searing Ray           Conj           48%        2d6       3%          2
c - Dazzling Flash        Conj/Hex       48%        N/A       6%          3
d - Fulminant Prism       Conj/Hex       12%        3d9       21%         4
e - Iskenderun's Mystic   Conj/Tloc      24%        2d7       21%         4
f - Beastly Appendage     Tmut           48%        N/A       1%          1
g - Static Discharge      Conj/Air       24%        3-6/arc   3%          2
h - Poisonous Vapours     Pois/Air       48%        N/A       3%          2
Your spell library was empty.

Dungeon Overview and Level Annotations

Branches:
Dungeon (5/15)             Temple (1/1) D:4           Sewer (visited)

Altars:
Ashenzari
Cheibriados
Dithmenos
Hepliaklqana
Makhleb
Ru
Trog
Yredelemnul

Shops:
D:1 [   D:5 [

Annotations:
D:5 1 runed translucent door


Innate Abilities, Weirdness & Mutations

You are immune to sickness and miasma.
You are immune to poison.
Your flesh is very heat resistant. (rF++)
You are vulnerable to cold. (rC-)
You float through the air rather than walking.
You learn spells naturally, not from books.
Your magical power is your life essence.
You have superior vitality. (+4 MHP)


Message History

The spell is quite dangerous to miscast (21% risk of failure)!
Continue anyway?
You erupt in a blast of force!
The mystic blast hits the ice beast.
The ice beast is heavily wounded.
The mystic blast hits the hound!
The hound is almost dead.
The hound is knocked back by the mystic blast.
The hound looks more healthy.
The ice beast hits you but does no damage.
The ice beast barely misses you.
You barely miss the hound.
The hound is almost dead.
The hound bites you. The ice beast misses you.
The hound bites you but does no damage.
You hit the hound.
You kill the hound!
Makhleb accepts your kill.
You feel yourself speed up. The ice beast hits you. The ice beast freezes you!
You feel a terrible chill! The ice beast barely misses you.
You hit the ice beast but do no damage.
The ice beast is heavily wounded.
The ice beast closely misses you.
You hit the ice beast.
The ice beast is heavily wounded.
You hit the ice beast.
The ice beast is poisoned.
The ice beast is severely wounded.
The ice beast hits you. The ice beast freezes you!!
You feel a terrible chill!
* * * LOW HITPOINT WARNING * * *
You hit the ice beast but do no damage.
The ice beast is almost dead.
The ice beast misses you.
You hit the ice beast but do no damage.
The ice beast is almost dead.
The ice beast closely misses you.
You completely miss the ice beast.
The ice beast is almost dead.
The ice beast hits you.
* * * LOW HITPOINT WARNING * * *
The ice beast freezes you!!
You feel a terrible chill!
You die...

****,**,,*,**,*,,,,,,,,,,,,
**..#.#.....##.....,,,,,,,,,
*******#...#............,,,,,*,,,
*~,~~~~+......<.....#...,,,,,,,,*
********...#............,,,,,,***
#............∩.......,,,,,***
#.....#*#............,,,,,,,*
#.....# #...)†.>.....*,,,**,**
#.....###....@.....#,*,*,,*,,*
#..♣P..##....Y....##,,,,,,,,,,
#..P♣..#.†...........,,**,****
*#..♣................,,*,,,* *
#..PP............##.,,*,,,* *
##....##.........#*,,**,,,***
####..###............#**,,,**,
#................###..##.,,,,,
#........................,,.,,


You could see an ice beast (very poisoned).

Vanquished Creatures
  Sigmund (D:4)
  A water moccasin (D:4)
  Pargi (D:4)
  2 kobold brigands (Sewer)
  A necrophage (D:4)
  A scorpion (D:4)
  2 jellies
  3 hounds
  3 adders
  An ufetubus (D:5)
  4 dart slugs
  An orc (D:4)
  5 endoplasms
  5 giant cockroaches
  7 goblins
  8 hobgoblins
  5 jackals
  4 quokkas
  7 ball pythons
  6 bats
  6 frilled lizards
  18 kobolds
  9 rats
101 creatures vanquished.

Vanquished Creatures (others)
  9 fulminant prisms
  3 fungi (Sewer)
  14 plants (Sewer)
26 creatures vanquished.

Grand Total: 127 creatures vanquished

Notes
Turn   | Place    | Note
-------+----------+-------------------------------------------
     0 | D:1      | javelincjr the Djinni Conjurer began the quest for the Orb.
     0 | D:1      | javelincjr set off with the following spells memorised:
                  | Magic Dart, Searing Ray, Dazzling Flash, Fulminant Prism,
                  | Iskenderun's Mystic Blast.
     0 | D:1      | Reached XP level 1. HP: 15/15 MP: 0/0
   503 | D:1      | Reached XP level 2. HP: 19/21 MP: 0/0
   532 | D:1      | Found Fewad's Armour Shoppe.
   969 | D:1      | Reached XP level 3. HP: 18/25 MP: 0/0
   969 | D:1      | Learned a level 1 spell: Beastly Appendage
  1796 | D:2      | Reached XP level 4. HP: 27/31 MP: 0/0
  1846 | D:2      | Reached skill level 1 in Fighting
  2559 | D:3      | Found a basalt altar of Yredelemnul.
  2559 | D:3      | Found a hazy altar of Hepliaklqana.
  2910 | D:3      | Found a faded altar of an unknown god.
  3015 | D:4      | Noticed Sigmund
  3015 | D:4      | Noticed a water moccasin
  3062 | D:4      | Reached XP level 5. HP: 29/38 MP: 0/0
  3062 | D:4      | Learned a level 2 spell: Static Discharge
  3142 | D:4      | Identified the +1 leather armour "Wudappat" {Harm}
  3311 | D:4      | Killed Sigmund
  3312 | D:4      | Reached XP level 6. HP: 23/45 MP: 0/0
  3338 | D:4      | Killed a water moccasin
  3339 | D:4      | Reached skill level 1 in Short Blades
  3339 | D:4      | Reached skill level 1 in Armour
  3339 | D:4      | Reached XP level 7. HP: 12/50 MP: 0/0
  3339 | D:4      | Learned a level 2 spell: Poisonous Vapours
  3714 | D:4      | Found a staircase to the Ecumenical Temple.
  3726 | Temple   | Entered the Ecumenical Temple
  3734 | Temple   | Became a worshipper of Makhleb the Destroyer
  4165 | D:4      | Noticed Pargi
  4173 | D:4      | Killed Pargi
  4810 | D:5      | Entered Level 5 of the Dungeon
  4829 | D:5      | Found a glowing drain.
  4844 | Sewer    | Entered a sewer
  4875 | Sewer    | Reached skill level 1 in Invocations
  4875 | Sewer    | Reached XP level 8. HP: 47/58 MP: 0/0
  5158 | D:5      | Reached skill level 1 in Evocations
  5173 | D:5      | Found Ohariujy's Antique Armour Emporium.
  5184 | D:5      | Found a runed translucent door.
  5198 | D:5      | Slain by an ice beast

Illustrated notes

Levels and vault maps discovered:
D:1:      lemuel_arrival_behind_the_door_small, layout_rooms, serial_shops,
          nicolae_shop_advertising_works [nicolae_subvault_shop_adworks],
          minivault_23
D:2:      layout_rooms
D:3:      layout_basic, gammafunk_temple_overflow_statue,
          basic_ecumenical_altar, hangedman_decor_peaks_small
D:4:      layout_layer_cave, mainiacjoe_overflow_tiny_flanked,
          minmay_temple_entry_tees, uniq_pargi, uniq_sigmund
D:5:      layout_rooms, nicolae_overflow_hidden_temple,
          nzn_wu_jian_council_hall, nicolae_elyvilon_peaceful_grove,
          nicolae_uskayaw_en_pointe, ebering_ghost_sewer_d, serial_glass,
          glass_columns_b, glass_columns_a, portal_sewer_entry_f, serial_shops,
          nicolae_square_shop, nicolae_take_the_stairs, nicolae_stop_n_shop_1,
          kennysheep_little_box, serial_park_tiny_2, uniq_duvessa,
          uniq_eustachio
Temple:   hellmonk_temple_micro_hex

Skill      XL: |  1  2  3  4  5  6  7  8 |
---------------+-------------------------+-----
Stealth        | 2 3 |  3.4
Fighting       | 1 2 3 4 |  4.0
Dodging        | 3 4 |  4.2
Spellcasting   | 4 |  4.7
Short Blades   | 1 |  1.5
Armour         | 1 2 |  2.2
Invocations    | 1 |  1.2
Evocations     | 1 |  1.1
Polearms       | |  0.2

Action                   |  1- 3 |  4- 6 |  7- 9 || total
-------------------------+-------+-------+-------++-------
Melee: Dagger            |       |     1 |    64 ||    65
       Punch             |       |       |     2 ||     2
Throw: Javelin           |       |       |     4 ||     4
 Cast: Magic Dart        |    73 |    63 |    27 ||   163
       Searing Ray       |     3 |     2 |     1 ||     6
       Fulminant Prism   |       |     3 |     6 ||     9
       Static Discharge  |       |     1 |       ||     1
       Iskenderun's Myst |       |     3 |     5 ||     8
       Poisonous Vapours |       |       |     5 ||     5
  Use: Potion            |       |     1 |       ||     1
       Scroll            |       |       |     6 ||     6
Armor: Robe              |     2 |     1 |     3 ||     6
       Troll leather arm |       |       |     8 ||     8
Dodge: Dodged            |     6 |     3 |    33 ||    42
